 Dungeon Crawl Stone Soup version 0.30-a0-627-gc11e7ae810 (webtiles) character file.

Game seed: 385936109714020981

53 Citaku the Covered (level 3, -2/33 HPs)
             Began as a Minotaur Fighter on Jan 12, 2023.
             Killed by divine providence
             ... invoked by an orc priest
              (15 damage)
             ... on level 3 of the Dungeon.
             The game lasted 00:03:08 (1519 turns).

Citaku the Covered (Minotaur Fighter)               Turns: 1519, Time: 00:03:08

Health: -2/33      AC:  9    Str: 22    XL:     3   Next: 62%
Magic:  2/2        EV:  9    Int:  5    God:
Gold:   126        SH:  4    Dex:  9    Spells: 2/2 levels left

rFire   . . .      SeeInvis .    a - +0 war axe
rCold   . . .      Faith    .    c - +0 buckler
rNeg    . . .      Spirit   .    b - +0 scale mail
rPois   .          Reflect  .    (helmet restricted)
rElec   .          Harm     .    (no cloak)
rCorr   .          Rampage  .    l - +1 pair of gloves
Will    .....                    (no boots) Stlth
                                 (no amulet)
HPRegen 0.25/turn                (no ring)
MPRegen 0.08/turn                (no ring)

@: no status effects
A: horns 2, retaliatory headbutt
a: no special abilities


You were on level 3 of the Dungeon.
You visited 1 branch of the dungeon, and saw 3 of its levels.

You collected 126 gold pieces.

Inventory:

Hand Weapons
 a - a +0 war axe (weapon)
Armour
 b - a +0 scale mail (worn)
 c - a +0 buckler (worn)
 l - a +1 pair of gloves (worn)
Jewellery
 q - a +6 ring of dexterity
Wands
 p - a wand of paralysis (12)
Scrolls
 f - 2 scrolls of immolation {unknown}
 g - 6 scrolls of identify {unknown}
 h - a scroll of teleportation {unknown}
 j - 4 scrolls of fog {unknown}
 k - a scroll of vulnerability {unknown}
 m - 2 scrolls of noise {unknown}
 n - a scroll of magic mapping {unknown}
 t - a scroll of brand weapon {unknown}
Potions
 d - a potion of might
 e - 4 potions of curing {unknown}
 i - a potion of berserk rage {unknown}
 o - a potion of lignification {unknown}
 r - 2 potions of brilliance {unknown}
 s - a potion of degeneration {unknown}


   Skills:
 + Level 4.1 Fighting
 * Level 3.4 Axes
 * Level 4.6 Armour
 - Level 3.6 Shields


You had 2 spell levels left.
You didn't know any spells.
Your spell library contained the following spells:

 Spells                   Type           Power      Damage    Failure   Level
 Beastly Appendage        Tmut           0%         N/A       87%         1
 Wereblood                Tmut           0%         N/A       95%         2
 Ozocubu's Armour         Ice            0%         N/A       99%         3
 Spider Form              Tmut/Pois      0%         N/A       99%         3
 Ozocubu's Refrigeration  Ice            0%         4d7       100%        7


Dungeon Overview and Level Annotations

Branches:
Dungeon (3/15)

Altars:

Shops:
D:2 *


Innate Abilities, Weirdness & Mutations

You have a pair of horns on your head.
You reflexively headbutt those who attack you in melee.


Message History

a +0 dagger; a goblin corpse You pick up a book of Changes and begin reading...
You add the spells Beastly Appendage, Wereblood and Spider Form to your library.
An orc comes into view. It is wielding a +0 flail.
The orc shouts!
An orc comes into view. It is wielding a +0 whip.
There are monsters nearby!
An orc comes into view. It is wielding a +0 dagger.
A giant cockroach comes into view.
An orc priest comes into view. It is wielding a +0 war axe.
The orc priest shouts!
You see here an amethyst potion.
The orc barely misses you.
You closely miss the orc. You headbutt the orc.
The orc is almost dead.
You closely miss the orc.
The orc priest looks satisfied for a moment.
The orc completely misses you. The orc hits you with a +0 dagger.
The orc completely misses you.
An orc priest comes into view. It is wielding a +0 flail.
The orc barely misses you.
You closely miss the orc.
The orc is almost dead.
The orc priest shouts!
You slash the orc!
You kill the orc!
The orc priest invokes the aid of Beogh against you.
Beogh smites you! The orc hits you but does no damage.
You slash the orc!
You kill the orc!
You hit the giant cockroach. You block the giant cockroach's attack.
The giant cockroach bites you but does no damage.
You closely miss the giant cockroach.
The giant cockroach is moderately wounded.
The orc shouts!
The orc priest invokes the aid of Beogh against you.
Pain shoots through your body!
The orc priest mumbles some strange prayers to Beogh against you.
Beogh smites you!
You die...

.........................
#......†.....<........
#....................[
#.....................
#....................
#....................
#....................
#..............
#....@)!.......
#....B)....=...
#........<.....
#....)..o..o...
#.........o....
#..............
#..............
................
.....[.........


You could see 2 orc priests, an orc and a giant cockroach.

Vanquished Creatures
  A dart slug (D:1)
  2 orcs (D:3)
  7 bats
  An endoplasm (D:2)
  A giant cockroach (D:1)
  5 goblins
  3 hobgoblins
  A jackal (D:1)
  11 kobolds
  3 quokkas
  4 ball pythons
  7 frilled lizards
  2 rats (D:1)
48 creatures vanquished.

Notes
Turn   | Place    | Note
-------+----------+-------------------------------------------
     0 | D:1      | Citaku the Minotaur Fighter began the quest for the Orb.
     0 | D:1      | Reached XP level 1. HP: 19/19 MP: 0/0
   122 | D:1      | Reached XP level 2. HP: 27/27 MP: 1/1
   491 | D:1      | Reached XP level 3. HP: 30/33 MP: 2/2
   943 | D:2      | Found a faded altar of an unknown god.
   997 | D:2      | Found Batit's General Store.
  1519 | D:3      | Killed from afar by an orc priest

Illustrated notes

Levels and vault maps discovered:
D:1:      heliophobic_arrival_enchanted_forest, layout_loops_cross,
          minmay_misc_feat_cross, minmay_surrounded
D:2:      layout_basic, chequers_ecumenical_altar_island, serial_shops,
          nicolae_shop_trees
D:3:      cheibrodos_fertilizer, layout_basic, serial_shops, shop_fountains,
          uniq_sigmund

Skill      XL: |  1  2  3 |
---------------+----------+-----
Armour         | 4 |  4.6
Axes           | 3 |  3.4
Fighting       | 4 |  4.1
Shields        | |  3.6

Action                   || total
-------------------------++-------
Melee: War axe           ||    78
       Headbutt          ||    10
Armor: Scale mail        ||    81
Dodge: Dodged            ||    67
Block: Buckler           ||    21

Table legend: (Time is in decaauts)
 A = Elapsed time spent in this place.
 B = Non-inter-level travel time spent in this place.
 C = Inter-level travel time spent in this place.
 D = Time resting spent in this place.
 E = Time spent auto-exploring this place.
 F = Levels seen in this place.
 G = Mean time per level.
                   A        B        C        D        E       F      G
               +--------+--------+--------+--------+--------+-----+--------+
         Total |   1550 |   1509 |     41 |      0 |   1113 |   3 |  516.7 |
       Dungeon |   1550 |   1509 |     41 |      0 |   1113 |   3 |  516.7 |
               +--------+--------+--------+--------+--------+-----+--------+

Top non-repeatable levels by time:
     D:2: 811 daAuts
     D:1: 641 daAuts
     D:3: 97 daAuts
